cohdb
Replays
Latest Replays
All Replays
Popular Replays
Top Player Replays
Match Explorer
How It Works
Community
CoH3 Stats
Reddit
Sign in to upload your games and track your stats! →
Sign in with Steam
Match 41498926
Unlisted
Match 41498926
Overview
Messages
Build Orders
End
Kettenkrad Recon Vehicle
Construct Infanterie Kompanie
GrW 34 Mortar Team
Selects Breakthrough Battlegroup
MG 42 Machine Gun Team
Construct Luftwaffe Kompanie
Jäger Squad
Selects 2.5-tonne Cargo Truck
2.5-tonne Cargo Truck
221 Scout Car
MG 42 Bunker
Support Elements
Marder III M Tank Destroyer
Medical Station
Jäger Squad
Luftwaffe Officer Quarters
Wirbelwind Flakpanzer
Jäger Squad
Marder III M Tank Destroyer
Selects Blitzkrieg
Pioneer Squad
Door
Luziefer
撒旦代言人
Madbirmy
Particycles
banksss33
Milliam
Tenal Jan
0
0
Comments
sign in to comment!
No comments posted yet!